 Dungeon Crawl Stone Soup version 0.29-a0-1047-g7c58e119a4 (webtiles) character file.

Game seed: 15214590435789314615

666 SensoryNuts the Poker (level 7, -3/37 HPs)
             Began as a Vine Stalker Fighter on Aug 16, 2022.
             Slain by Pikel
             ... wielding a +2 whip of freezing
              (5 damage)
             ... on level 4 of the Dungeon.
             The game lasted 00:06:50 (3824 turns).

SensoryNuts the Poker (Vine Stalker Fighter)        Turns: 3824, Time: 00:06:51

Health: -3/37      AC: 13    Str: 17 (20) XL:     7   Next: 57%
Magic:  0/8        EV: 11    Int:  9 (12) God:
Gold:   179        SH:  4    Dex: 10 (12) Spells: 6/6 levels left

rFire   . . .      SeeInvis +   a - +0 trident
rCold   . . .      Faith    .   c - +0 buckler
rNeg    . . .      Spirit   +   j - +3 chain mail {rPois}
rPois   +          Reflect  .   m - +0 helmet
rElec   .          Harm     .   h - scarf {shadows}
rCorr   .          Rampage  .   (no gloves)
Will    .....      Clarity  +   (no boots)
Stlth   ..........              (no amulet)
HPRegen 0.92/turn               n - ring of see invisible
MPRegen 0.11/turn               p - +4 ring of evasion

@: no status effects
A: fangs 2, regeneration 1, magic shield, antimagic bite, no potion heal 2,
clarity, clever 1, deterioration 1, wild magic 1
a: no special abilities


You were on level 4 of the Dungeon.
You visited 1 branch of the dungeon, and saw 4 of its levels.
You also visited: Sewer.

You collected 179 gold pieces.

Inventory:

Hand Weapons
 a - a +0 trident (weapon)
Armour
 b - a +0 scale mail
 c - a +0 buckler (worn)
 h - a scarf of shadows (worn)
 j - a +3 chain mail of poison resistance (worn)
 l - a +1 cloak
 m - a +0 helmet (worn)
Jewellery
 n - a ring of see invisible (left hand)
 p - a +4 ring of evasion (right hand)
 w - a ring of wizardry
Wands
 q - a wand of polymorph (14)
 y - a wand of acid (5)
Scrolls
 d - a scroll of enchant armour
 f - a scroll of vulnerability
 i - a scroll of immolation
 o - 2 scrolls of enchant weapon
 v - a scroll of summoning
 z - a scroll of blinking
Potions
 e - 3 potions of brilliance
 k - a potion of magic


   Skills:
 + Level 3.9 Fighting
 + Level 5.0 Polearms
 + Level 3.7 Armour
 + Level 1.2 Dodging
 + Level 1.2 Stealth
 + Level 3.6 Shields
 + Level 1.0 Unarmed Combat


You had 6 spell levels left.
You didn't know any spells.
Your spell library was empty.

Dungeon Overview and Level Annotations

Branches:
Dungeon (4/15)              Sewer (visited)
 Temple: D:4-7

Altars:

Shops:
D:1 =

Portals:
Abyss: D:4

Annotations:
D:4 Pikel; siradein's ghost, amateur KoHu


Innate Abilities, Weirdness & Mutations

You have extremely sharp teeth.
Your natural rate of healing is unusually fast.
When hurt, damage is shared between your health and your magic reserves.
Your bite disrupts and absorbs the magic of your enemies.
Potions cannot restore your health.
You possess an exceptional clarity of mind.
Your mind is acute. (Int +4, Str/Dex -1)
Your body sometimes deteriorates upon taking damage.
Your spells are a little harder to cast, but a little more powerful.


Message History

You are too injured to fight recklessly!
You are too injured to fight recklessly!
Unknown command.
It was a potion of degeneration.
There was something very wrong with that liquid.
You feel weakened.
You feel dopey.
You feel clumsy.
Pikel hits you with a +2 whip of freezing.
Pikel freezes you. The lemure closely misses you.
Unknown command.
You closely miss the lemure. Your bite misses the lemure.
Pikel hits you but does no damage. The lemure hits you but does no damage.
You closely miss Pikel. Your bite misses Pikel.
Pikel is moderately wounded.
Pikel closely misses you. The lemure hits you but does no damage.
You hit Pikel.
Pikel is moderately wounded.
Pikel misses you. The lemure hits you.
You hit Pikel.
Pikel is heavily wounded.
Pikel barely misses you. You block the lemure's attack.
You barely miss Pikel. Your bite misses Pikel.
Pikel is heavily wounded.
Pikel misses you. The lemure misses you.
You hit Pikel but do no damage. You bite Pikel. You drain his power.
You feel invigorated.
Pikel is heavily wounded.
Pikel hits you with a +2 whip of freezing.
Pikel freezes you. The lemure hits you.
* * * LOW HITPOINT WARNING * * *
You closely miss Pikel.
Pikel is heavily wounded.
Pikel hits you with a +2 whip of freezing!
* * * LOW HITPOINT WARNING * * *
Pikel freezes you.
* * * LOW HITPOINT WARNING * * *
The lemure hits you.
* * * LOW HITPOINT WARNING * * *
The lemure closely misses you.
Pikel hits you with a +2 whip of freezing.
You die...

,,,,**,,,,,,**,***,*,* *,,,,,,,
,,,,**,**,****,*,,,*,* ********
*,,,,*,**,* *,#.#**,* ***** *
,,,,,,,**,* #.#.# *,* *,,,* *
,*,,,,***,*###.#.#**,##****,,,***
,,,,,,,>,,,,..$.=.,,...,,,+,,,,,,
,,,,*,***,**#..#.#,...#****,,,***
,,,,*,,,,,###..#5#5...# *,^,*
*****,****#.!..#@K5...# *,,,*
,,,,,,,* #....$##....#* *,,,*
,,,,,*,####.....#*,...(* *,,,*
,,,,,,,.........#*,,...****,,,*
,,,,,**.#####.###*,,,..,,,,,,,*
,,,,,**,*,,,#.# *,,,,,.,**,****
,,,,,*#...#.#.# *,,,,,,,**,******
,,,,,,,...#.#.# *,*,,,,,**,,,,,,*
,,,,,***..#.#.# *,,,,**********,*


You could see Pikel and 3 lemures.

Vanquished Creatures
  Grinder (D:3)
  A lemure (D:4)
  2 bullfrogs (Sewer)
  A scorpion (D:3)
  Crazy Yiuf (D:3)
  A jelly (D:3)
  Terence (D:3)
  4 gnolls (D:3)
  6 adders
  2 worms
  2 dart slugs
  2 orcs (D:3)
  5 ball pythons
  5 bats
  6 endoplasms
  14 giant cockroaches
  7 goblins
  A hobgoblin (D:3)
  2 jackals (D:1)
  10 quokkas
  12 frilled lizards
  15 kobolds
  6 rats
107 creatures vanquished.

Vanquished Creatures (others)
  A demonic plant (D:1)
1 creature vanquished.

Grand Total: 108 creatures vanquished

Notes
Turn   | Place    | Note
-------+----------+-------------------------------------------
     0 | D:1      | SensoryNuts the Vine Stalker Fighter began the quest for
                  | the Orb.
     0 | D:1      | Reached XP level 1. HP: 11/11 MP: 2/2
   451 | D:1      | Reached XP level 2. HP: 15/16 MP: 3/3
   485 | D:1      | Found Unwurgh's Jewellery Shoppe.
   715 | D:1      | Reached skill level 2 in Polearms
   965 | D:1      | Reached XP level 3. HP: 20/20 MP: 4/4
  1188 | D:1      | Found a faded altar of an unknown god.
  1188 | D:1      | Noticed a balrug
  1994 | D:2      | Gained mutation: You have hidden genetic potential. [potion
                  | of mutation]
  1994 | D:2      | Gained mutation: Your body sometimes deteriorates upon
                  | taking damage. [potion of mutation]
  1994 | D:2      | Gained mutation: You possess an exceptional clarity of
                  | mind. [potion of mutation]
  2049 | D:3      | Noticed Terence
  2058 | D:3      | Killed Terence
  2059 | D:3      | Gained mutation: Your natural rate of healing is unusually
                  | fast. [Vine Stalker growth]
  2059 | D:3      | Reached XP level 4. HP: 24/24 MP: 5/5
  2184 | D:3      | Reached skill level 1 in Stealth
  2200 | D:3      | Gained mutation: Your mind is acute. (Int +4, Str/Dex -1)
                  | [hidden potential]
  2205 | D:3      | Reached skill level 3 in Polearms
  2205 | D:3      | Reached XP level 5. HP: 17/28 MP: 2/6
  2292 | D:3      | Gained mutation: Your spells are a little harder to cast,
                  | but a little more powerful. [hidden potential]
  2292 | D:3      | Lost mutation: You have hidden genetic potential. [hidden
                  | potential expressed]
  2367 | D:3      | Noticed Grinder
  2377 | D:3      | Paralysed by Grinder for 4 turns
  2399 | D:3      | Killed Grinder
  2400 | D:3      | Reached skill level 4 in Polearms
  2400 | D:3      | Reached XP level 6. HP: 25/32 MP: 4/7
  2491 | D:3      | Found a runed translucent door.
  2492 | D:3      | Noticed Crazy Yiuf
  2508 | D:3      | Killed Crazy Yiuf
  2509 | D:3      | Reached skill level 1 in Dodging
  2509 | D:3      | Reached XP level 7. HP: 29/36 MP: 4/8
  3008 | D:4      | Reached skill level 1 in Unarmed Combat
  3027 | D:4      | Found a glowing drain.
  3037 | Sewer    | Entered a sewer
  3282 | Sewer    | Reached skill level 5 in Polearms
  3742 | D:4      | Noticed a small abomination
  3742 | D:4      | Noticed siradein's ghost (amateur KoHu)
  3743 | D:4      | Found a one-way gate to the infinite horrors of the Abyss.
  3804 | D:4      | Noticed Pikel
  3824 | D:4      | Slain by Pikel

Illustrated notes

Levels and vault maps discovered:
D:1:      evilmike_arrival_rings, layout_basic, serial_shops,
          nicolae_shop_trees, dreamdust_ecumenical_altar_sealed_demon,
          minmay_quantized
D:2:      layout_basic
D:3:      minmay_chambers_of_twos, layout_rooms, uniq_grinder,
          uniq_crazy_yiuf_cottage, uniq_terence
D:4:      layout_basic, lemuel_crystal_altar, gammafunk_ghost_abyssal_escape,
          gup_sewer_entry_bubbles, uniq_pikel, uniq_menkaure

Skill      XL: |  1  2  3  4  5  6  7 |
---------------+----------------------+-----
Fighting       | 3 |  3.9
Polearms       | 2 3 4 5 |  5.0
Shields        | 3 |  3.6
Armour         | 3 |  3.7
Stealth        | 1 |  1.2
Dodging        | 1 |  1.2
Unarmed Combat | 1 |  1.0

Action                   |  1- 3 |  4- 6 |  7- 9 || total
-------------------------+-------+-------+-------++-------
Melee: Trident           |   121 |    79 |   158 ||   358
       Bite              |    19 |    17 |    30 ||    66
       Unarmed           |       |    19 |       ||    19
  Use: Potion            |     4 |     3 |     3 ||    10
       Scroll            |     4 |     1 |     5 ||    10
Armor: Scale mail        |    36 |       |       ||    36
       Chain mail        |       |    24 |    61 ||    85
       Skin              |       |     3 |       ||     3
Dodge: Dodged            |    34 |    45 |    77 ||   156
Block: Buckler           |    24 |    16 |    18 ||    58

Table legend: (Time is in decaauts)
 A = Elapsed time spent in this place.
 B = Non-inter-level travel time spent in this place.
 C = Inter-level travel time spent in this place.
 D = Time resting spent in this place.
 E = Time spent auto-exploring this place.
 F = Levels seen in this place.
 G = Mean time per level.
                   A        B        C        D        E       F      G
               +--------+--------+--------+--------+--------+-----+--------+
         Total |   4049 |   3817 |    232 |     52 |   2502 |   5 |  809.8 |
       Dungeon |   3304 |   3072 |    232 |     52 |   2122 |   4 |  826.0 |
         Sewer |    744 |    744 |      0 |      0 |    379 |   1 |  744.0 |
               +--------+--------+--------+--------+--------+-----+--------+

Top non-repeatable levels by time:
     D:1: 1307 daAuts
     D:3: 908 daAuts
     D:2: 779 daAuts
   Sewer: 744 daAuts
     D:4: 309 daAuts
